 Dungeon Crawl Stone Soup version 0.31-a0-1074-g0b22e4e0f1 (webtiles) character file.

Game seed: 3888110425628161266

6 Hubris850 the Ruffian (level 1, -1/15 HPs)
             Began as a Demonspawn Shapeshifter on Dec 8, 2023.
             Succumbed to a goblin's poison
             ... on level 1 of the Dungeon.
             The game lasted 00:00:27 (94 turns).

Hubris850 the Ruffian (Demonspawn Shapeshifter)       Turns: 94, Time: 00:00:28

Health: -1/15      AC:  2    Str: 14    XL:     1   Next: 75%
Magic:  1/1        EV: 12    Int: 11    God:
Gold:   0          SH:  0    Dex: 12    Spells: 0/0 levels left

rFire   . .          .
                       - Unarmed
rCold   . . .        (no shield)
rNeg    . . .        a - +0 animal skin
rPois   .            (helmet currently unavailable)
rElec   .            (cloak currently unavailable)
rCorr   .            (gloves currently unavailable)
SInv    .            (boots currently unavailable)
Will    .....        (no amulet)
Stlth   +            (no ring)
HPRegen 0.22/turn    (no ring)
MPRegen 0.07/turn

%: no passive effects
@: lethally poisoned (-1 -> -14), beast-form
A: beast (slay +1)
a: Begin Untransformation


You were on level 1 of the Dungeon.
You were a hulking beast.
You visited 1 branch of the dungeon, and saw 1 of its levels.

Inventory:

Armour
 a - a +0 animal skin (worn)
Talismans
 c - a beast talisman
 d - a flux talisman
Potions
 b - a potion of lignification
 e - 2 potions of degeneration {unknown}


   Skills:
 - Level 1.0 Fighting
 - Level 1.7 Dodging
 + Level 2.9 Unarmed Combat
 + Level 2.8 Shapeshifting


You couldn't memorise any spells.
You didn't know any spells.
Your spell library was empty.

Dungeon Overview and Level Annotations

Branches:
Dungeon (1/15)

Altars:


Message History

A goblin and a rat come into view.
The goblin is wielding a +1 dagger of venom.
The goblin shouts!
You hear a shout! x2
A goblin and a hobgoblin come into view.
The goblin shouts!
The goblin shouts!
You punch the goblin!
You kill the goblin!
The goblin barely misses you.
Things that are here:
a +0 dagger; a goblin corpse You hit the goblin.
You kill the goblin!
The rat barely misses you. The goblin closely misses you.
You barely miss the hobgoblin. The goblin hits you but does no damage.
The rat bites you. The hobgoblin misses you.
You barely miss the hobgoblin.
The goblin hits you with a +1 dagger of venom.
The rat bites you but does no damage. The hobgoblin hits you.
You barely miss the hobgoblin. The goblin barely misses you.
The rat bites you but does no damage. The hobgoblin closely misses you.
You closely miss the hobgoblin. The goblin barely misses you.
The rat misses you. The hobgoblin closely misses you.
You hit the hobgoblin.
The hobgoblin is lightly wounded.
The goblin hits you with a +1 dagger of venom.
The rat barely misses you. The hobgoblin barely misses you.
You punch the hobgoblin!
You kill the hobgoblin!
The rat closely misses you.
The goblin hits you with a +1 dagger of venom.
You hit the goblin.
The goblin is severely wounded.
The rat bites you but does no damage.
The goblin hits you with a +1 dagger of venom.
* * * LOW HITPOINT WARNING * * *
You are lethally poisoned!
You hit the goblin.
You kill the goblin!
You die...

.................
..........#......
.................
..)..............
.................
#########........
.....##.!......
...............
.......hr......
......)).......
...............
.....##........
..... +........
..... #........
.... #........
... ###+#####


You could see a rat.

Vanquished Creatures
  A ball python (D:1)
  A giant cockroach (D:1)
  3 goblins (D:1)
  A hobgoblin (D:1)
6 creatures vanquished.

Notes
Turn   | Place    | Note
-------+----------+-------------------------------------------
     0 | D:1      | Hubris850 the Demonspawn Shapeshifter began the quest for
                  | the Orb.
     0 | D:1      | Reached XP level 1. HP: 15/15 MP: 1/1
    94 | D:1      | Succumbed to a goblin's poison

Illustrated notes

Levels and vault maps discovered:
D:1:      evilmike_arrival_crescent, layout_basic

Action                     || total
---------------------------++-------
  Melee: Unarmed           ||    18
 Armour: Animal skin       ||    15
  Dodge: Dodged            ||    16

Table legend: (Time is in decaauts)
 A = Elapsed time spent in this place.
 B = Non-inter-level travel time spent in this place.
 C = Inter-level travel time spent in this place.
 D = Time resting spent in this place.
 E = Time spent auto-exploring this place.
 F = Levels seen in this place.
 G = Mean time per level.
                   A        B        C        D        E       F      G
               +--------+--------+--------+--------+--------+-----+--------+
         Total |     93 |     93 |      0 |      0 |     62 |   1 |   93.0 |
       Dungeon |     93 |     93 |      0 |      0 |     62 |   1 |   93.0 |
               +--------+--------+--------+--------+--------+-----+--------+

Top non-repeatable levels by time:
     D:1: 93 daAuts
